 Dungeon Crawl Stone Soup version 0.22-a0-93-g6b88ebb (webtiles) character file.

577 KristoblXynda the Grappler (level 7, -1/57 HPs)
             Began as a Grey Draconian Fighter on Jan 24, 2018.
             Killed by divine providence
             ... invoked by an orc priest
              (17 damage)
             ... on level 4 of the Dungeon.
             The game lasted 00:05:25 (3029 turns).

KristoblXynda the Grappler (Grey Draconian Fighter) Turns: 3029, Time: 00:05:26

Health: -1/57      AC: 14    Str: 18    XL:     7   Next: 13%
Magic:  7/7        EV: 18    Int: 11    God:
Gold:   60         SH: 11    Dex: 10    Spells: 6/6 levels left

rFire    . . .     SeeInvis .     - Unarmed
rCold    . . .     Gourm    .   a - +1 shield
rNeg     . . .     Faith    .   (armour unavailable)
rPois    .         Spirit   .   (helmet restricted)
rElec    .         Reflect  .   w - scarf {cloud immunity}
rCorr    +         Harm     .   (no gloves)
MR       .....                  g - +2 pair of boots
Stlth    +.........             (no amulet)
HPRegen  0.19/turn              p - +5 ring of evasion
MPRegen  0.10/turn              r - ring of resist corrosion

@: no status effects
A: walk through water, unfitting armour, unbreathing, cold-blooded, AC +11
a: no special abilities


You were on level 4 of the Dungeon.
You were not hungry.

You visited 1 branch of the dungeon, and saw 4 of its levels.

You collected 238 gold pieces.
You spent 178 gold pieces at shops.

Inventory:

Armour
 a - a +1 shield (worn)
 g - a +2 pair of boots (worn)
 w - a scarf of cloud immunity (worn)
Jewellery
 p - a +5 ring of evasion (left hand)
 r - a ring of resist corrosion (right hand)
Wands
 d - a wand of random effects (31)
Scrolls
 e - 3 scrolls of enchant armour
 h - 3 scrolls of remove curse
 i - a scroll of amnesia {unknown}
 j - a scroll of blinking {unknown}
 k - a scroll of magic mapping {unknown}
 l - 3 scrolls of teleportation
 n - a scroll of fog {unknown}
 o - a scroll of enchant weapon {unknown}
 q - a scroll of immolation {unknown}
 t - a scroll of random uselessness {unknown}
 y - a scroll of identify
 z - a scroll of fear {unknown}
Potions
 f - a potion of magic
 m - a potion of brilliance
 s - 2 potions of flight
 u - 3 potions of curing
 v - a potion of lignification
Comestibles
 c - 9 rations
 x - 2 chunks of flesh


   Skills:
 + Level 3.3 Fighting
 + Level 7.3 Dodging
 + Level 8.1 Shields
 + Level 8.3 Unarmed Combat


You had 6 spell levels left.
You didn't know any spells.

Dungeon Overview and Level Annotations

Branches:
Dungeon (4/15)
 Temple: D:4-7

Altars:
Elyvilon

Shops:
D:4 :??*

Annotations:
D:4 Menkaure


Innate Abilities, Weirdness & Mutations

You can walk through water.
Your dull iron-grey scales are very hard. (AC +11)
You cannot fit into any form of body armour.
You can survive without breathing.
You are cold-blooded and may be slowed by cold attacks.


Message History

You block the orc's attack. Menkaure casts a spell at you.
Pain shoots through your body!
You barely miss Menkaure.
Menkaure is heavily damaged.
Menkaure misses you. The orc closely misses you.
You hit Menkaure.
Menkaure is heavily damaged.
Menkaure mumbles in an indecipherable tongue.
You block Menkaure's attack.
The orc priest invokes the aid of Beogh against you.
Beogh smites you!
* * * LOW HITPOINT WARNING * * *
The orc barely misses you.
You hit Menkaure but do no damage.
Menkaure is heavily damaged.
You block Menkaure's attack.
The orc priest calls down the wrath of Beogh upon you.
Beogh smites you!
You die...

#. #.# # .# #.#
.# .. #.# #.#
.### #.# #..# ..#
#.##...## ####
#.# #.#.....#
...# #.#
#oo......
##<####.###.# #M#
#.......##.# #@#
#.......##.####$#
#...............#
#>......##.######
#.......##.#
##.......##.#
............#
.........####
.........# #.#


You could see Menkaure, an orc priest and an orc.

Vanquished Creatures
  The ghost of kae the Covered, an amateur MiFi of Okawaru (D:4)
  A hound (D:4)
  An iguana (D:4)
  2 orc wizards (D:4)
  7 adders
  3 oozes
  2 worms
  2 dart slugs (D:1)
  A leopard gecko (D:1)
  4 orcs
  2 bats (D:2)
  3 giant cockroaches
  9 goblins
  10 hobgoblins
  2 quokkas
  A ball python (D:2)
  7 frilled lizards
  A jackal skeleton (D:4)
  8 kobolds
  6 rats
73 creatures vanquished.

Notes
Turn   | Place    | Note
-------+----------+-------------------------------------------
     0 | D:1      | KristoblXynda the Draconian Fighter began the quest for the Orb.
     0 | D:1      | Reached XP level 1. HP: 19/19 MP: 1/1
    61 | D:1      | Reached XP level 2. HP: 26/26 MP: 2/2
   487 | D:1      | Reached XP level 3. HP: 31/31 MP: 3/3
  1227 | D:2      | Found a white marble altar of Elyvilon.
  1253 | D:2      | Reached XP level 4. HP: 17/38 MP: 4/4
  2445 | D:4      | Noticed kae's ghost (amateur MiFi)
  2445 | D:4      | Found Iklegan's Book Shop.
  2461 | D:4      | Reached XP level 5. HP: 24/45 MP: 5/5
  2467 | D:4      | Killed kae's ghost
  2791 | D:4      | Found Udou's Magic Scroll Boutique.
  2800 | D:4      | Bought a scroll of identify for 28 gold pieces
  2804 | D:4      | Reached XP level 6. HP: 51/51 MP: 6/6
  2874 | D:4      | Found Binovife's General Store.
  2881 | D:4      | Found Jolaog's Magic Scroll Emporium.
  2905 | D:4      | Your scales start taking on a dull iron-grey colour.
  2905 | D:4      | Reached XP level 7. HP: 57/57 MP: 7/7
  2905 | D:4      | Gained mutation: You can survive without breathing. [Grey Draconian growth]
  2941 | D:4      | Bought a potion of lignification for 30 gold pieces
  2941 | D:4      | Bought a scarf of cloud immunity for 70 gold pieces
  2941 | D:4      | Bought a potion of curing for 30 gold pieces
  2941 | D:4      | Bought a scroll of identify for 20 gold pieces
  3006 | D:4      | Noticed Menkaure
  3029 | D:4      | Killed from afar by an orc priest

Vault maps used:
D:1:      evilmike_arrival_run_for_it
D:2:      elyvilon_altar_3, grunt_ministairs_6, minmay_strange_pillars,
          minmay_misc_feat_diagonals
D:4:      serial_shops, nicolae_shop_statue_plus, shop_fountains, shop,
          kennysheep_little_box, shop, uniq_menkaure

Skill      XL: |  1  2  3  4  5 |
---------------+----------------+-----
Dodging        | 3 7 |  7.3
Unarmed Combat | 3 4 8 |  8.3
Shields        | 8 |  8.1
Fighting       | |  3.3

Action                   |  1- 3 |  4- 6 |  7- 9 || total
-------------------------+-------+-------+-------++-------
Melee: Unarmed           |   176 |   124 |    22 ||   322
       Tailslap          |    14 |    11 |     1 ||    26
  Use: Potion            |       |     2 |     1 ||     3
       Scroll            |       |     7 |     1 ||     8
 Stab: Sleeping          |     1 |       |       ||     1
  Eat: Chunk             |     1 |     1 |       ||     2
       Ration            |       |     2 |       ||     2
Armor: Skin              |    38 |    32 |     3 ||    73
Dodge: Dodged            |    59 |    73 |    13 ||   145
Block: Shield            |    63 |    38 |    10 ||   111

Table legend:
 A = Spawn XP
 B = Non-spawn XP
 C = Spawn XP percentage of total XP
 D = Spawn monster count
 E = Non-spawn monster count
 F = Spawn count percentage of total count
 G = Total turns spent on level
                    A         B        C        D         E        F      G
               +---------+---------+-------+---------+---------+-------+---------
         Total |       0 |     487 |   0.0 |       0 |      73 |   0.0 |  3029
               +---------+---------+-------+---------+---------+-------+---------
           D:1 |       0 |      55 |   0.0 |       0 |      28 |   0.0 |   833
           D:2 |       0 |      59 |   0.0 |       0 |      20 |   0.0 |   844
           D:3 |       0 |      57 |   0.0 |       0 |      13 |   0.0 |   756
           D:4 |       0 |     316 |   0.0 |       0 |      12 |   0.0 |   596
               +---------+---------+-------+---------+---------+-------+---------
